Match 44611490
Unlisted

Match 44611490
End
Construct Weapon Support Center
Selects Special Operations Battlegroup
Selects M29 Weasel Recon Vehicle
M29 Weasel Recon Vehicle
M1919 Machine Gun Team
M1919 Machine Gun Team
M1919 Machine Gun Team
Infantry Support Center
Selects Raiding Flares
Engineer Squad
Bazooka Squad
M29 Weasel Recon Vehicle
Improved M9 Bazooka Rockets
Selects SSF Commando Squad
SSF Commando Squad
^3
joy0407
0
0

Comments sign in to comment!

No comments posted yet!